 Dungeon Crawl Stone Soup version 0.30.1-4-g462c640d31 (webtiles) character file.

Game seed: 17200329368122190097

27704 Zeor the Skirmisher (level 13, -1/102 (111) HPs)
             Began as a Purple Draconian Hunter on Sept 14, 2023.
             Was a High Priest of Okawaru.
             Slain by a death scarab (25 damage)
             ... in a Gauntlet.
             The game lasted 00:40:48 (11700 turns).

Zeor the Skirmisher (Purple Draconian Hunter)      Turns: 11700, Time: 00:40:49

HP:   -1/102 (111)  AC: 11    Str: 13      XL:     13   Next: 5%
MP:   25/25         EV: 20    Int: 12 (15) God:    Okawaru [*****.]
Gold: 493           SH:  0    Dex: 26      Spells: 21/29 levels left

rFire   + . .        y - +2 falchion (holy)
rCold   + . .        (no shield)
rNeg    . . .        (body armour unavailable)
rPois   +            (helmet restricted)
rElec   .            o - scarf {rC+ rF+}
rCorr   .            H - +0 pair of gloves
SInv    .            I - +1 pair of boots "Gomag" {Dex+5}
Will    +....        h - amulet of regeneration
Stlth   ++++         K - ring of wizardry
HPRegen 1.17/turn    c - ring "Puedwiyr" {rPois Str-3 Int+6 Dex+3 Stlth+}
MPRegen 0.19/turn

%: no teleportation, wizardry (x1)
@: mighty, finesse-ful, slowed, drained, very slow
A: breathe power, AC +8, unfitting armour, cold-blooded
a: Breathe Dispelling Energy, Renounce Religion, Heroism, Finesse, Duel


You were in a Gauntlet.
You worshipped Okawaru.
Okawaru was extremely pleased with you.
You visited 3 branches of the dungeon, and saw 14 of its levels.
You also visited: Gauntlet.

You collected 905 gold pieces.
You spent 412 gold pieces at shops.

Inventory:

Hand Weapons
 a - a +5 longbow of freezing
 b - the +5 hand crossbow of Jopnoxzi {drain, Dex+4}
   (You acquired it on level 7 of the Dungeon)

   Dex:       It affects your dexterity (+4).
 l - the +9 short sword of the Threshing Pariah {protect, rElec Str+3 Int+2}
   (You found it on level 1 of the Lair of Beasts)

   Str:       It affects your strength (+3).
   Int:       It affects your intelligence (+2).
   rElec:     It insulates you from electricity.
 y - a +2 falchion of holy wrath (weapon)
 G - a +2 long sword of flaming
Missiles
 A - 4 curare-tipped darts
Armour
 o - a scarf of resistance (worn)
 H - a +0 pair of gloves (worn)
 I - the +1 pair of boots "Gomag" (worn) {Dex+5}
   (Okawaru gifted it to you on level 1 of the Lair of Beasts)

   Dex:       It affects your dexterity (+5).
 J - the +2 cloak of Impressiveness {*Corrode rElec Regen+ SInv}
   (Okawaru gifted it to you on level 3 of the Lair of Beasts)

   rElec:     It insulates you from electricity.
   SInv:      It lets you see invisible.
   Regen:     It increases your rate of health regeneration.
   *Corrode:  It may corrode you when you take damage.
Magical Staves
 r - the staff of cold "Oraucw" {Fly rC+ Will+ Str+3}
   (You found it on level 6 of the Dungeon)

   [staff of cold]

   Base accuracy: +5 Base damage: 5 Base attack delay: 1.2 This weapon's minimum
   attack delay (0.6) is reached at skill level 12.
   Str:       It affects your strength (+3).
   rC:        It protects you from cold.
   Fly:       It grants you flight.
   Will:      It increases your willpower.
   It falls into the 'Staves' category.
   It is a one-handed weapon.
Jewellery
 c - the ring "Puedwiyr" (right hand) {rPois Str-3 Int+6 Dex+3 Stlth+}
   (You acquired it on level 3 of the Dungeon)

   [ring of intelligence]

   Str:       It affects your strength (-3).
   Int:       It affects your intelligence (+6).
   Dex:       It affects your dexterity (+3).
   rPois:     It protects you from poison.
   Stlth:     It makes you more stealthy.
 e - an amulet of magic regeneration
 h - an amulet of regeneration (around neck)
 k - a ring of protection from fire
 t - a ring of resist corrosion
 v - a ring of positive energy
 B - a ring of protection from cold
 C - a ring of wizardry
 K - a ring of wizardry (left hand)
 P - a +4 ring of protection
Wands
 w - a wand of mindburst (16)
 E - a wand of flame (27)
Scrolls
 g - 3 scrolls of teleportation
 j - 6 scrolls of immolation
 p - 2 scrolls of poison
 s - 2 scrolls of fog
 x - a scroll of brand weapon
 z - 3 scrolls of amnesia
 M - 2 scrolls of identify
 N - a scroll of enchant weapon
 O - a scroll of fear
Potions
 d - 2 potions of might
 f - 7 potions of curing
 i - a potion of magic
 n - 2 potions of mutation
 q - 3 potions of haste
 u - 2 potions of lignification
 D - 2 potions of attraction
 L - 2 potions of flight


   Skills:
 + Level 9.3 Fighting
 + Level 13.5 Ranged Weapons
 * Level 8.6 Dodging
 + Level 3.3 Stealth
 * Level 8.9 Spellcasting
 + Level 2.1 Ice Magic
 * Level 9.0 Invocations


You had 21 spell levels left.
You knew the following spells:

 Your Spells              Type           Power      Damage    Failure   Level
m - Mephitic Cloud        Conj/Pois/Air  5%         N/A       16%         3
r - Frozen Ramparts       Ice            20%        1d4       7%          3
v - Poisonous Vapours     Pois/Air       10%        N/A       9%          2

Your spell library contained the following spells:

 Spells                   Type           Power      Damage    Failure   Level
 Freeze                   Ice            40%        1d6       2%          1
 Hailstorm                Conj/Ice       7%         3d4       11%         3
 Freezing Cloud           Conj/Ice/Air   3%         6-21      69%         5
 Borgnjor's Revivificati  Necr           2%         N/A       100%        8
 Necromutation            Tmut/Necr      2%         N/A       100%        8
 Death's Door             Necr           2%         N/A       100%        9


Dungeon Overview and Level Annotations

Branches:
Dungeon (9/15)             Temple (1/1) D:4            Lair (4/5) D:8
  Swamp (0/4) Lair:3        Snake (0/4) Lair:2          Orc (0/2) D:9
Gauntlet (1/1)
  Slime: Lair:4-5

Altars:
Ashenzari
Cheibriados
Dithmenos
Elyvilon
Fedhas
Gozag
Hepliaklqana
Kikubaaqudgha
Makhleb
Nemelex Xobeh
Okawaru
Qazlal
Ru
Sif Muna
Trog
Uskayaw
Vehumet
Wu Jian
Xom
Zin
The Shining One
Jiyva

Shops:
D:3 [

Annotations:
Lair:3 3 runed translucent doors, Kanwenku's ghost, journeyman MiFi Gauntlet 11 transporters


Innate Abilities, Weirdness & Mutations

You can breathe bolts of dispelling energy.
Your rich purple scales are hard. (AC +8)
You cannot fit into any form of body armour.
You are cold-blooded and may be slowed by cold attacks.


Message History

The death scarab bites you but does no damage.
The death scarab barely misses you.
You barely miss the death scarab.
The death scarab is moderately damaged.
The death scarab completely misses you.
The death scarab bites you but does no damage.
The death scarab misses you.
You feel like a meek peon again. The death scarab completely misses you.
The death scarab bites you. The death scarab drains your vigour!
You feel as though you will be slow longer.
The death scarab draws strength from your injuries!
You bump into the translucent stone wall.
You feel less invigorated.
You feel less confused. The death scarab misses you.
The death scarab bites you. The death scarab drains your vigour!
You feel as though you will be slow longer.
The death scarab draws strength from your injuries!
The death scarab completely misses you. The death scarab barely misses you.
You hit the death scarab.
The death scarab convulses.
Your tail-slap misses the death scarab.
The death scarab is heavily damaged.
The death scarab bites you! The death scarab drains your vigour!
You feel as though you will be slow longer.
The death scarab draws strength from your injuries!
The death scarab closely misses you. The death scarab misses you.
The death scarab bites you.
The death scarab draws strength from your injuries!
You barely miss the death scarab.
Your tail-slap misses the death scarab.
The death scarab completely misses you. The death scarab barely misses you.
You feel very mighty all of a sudden. The death scarab misses you.
The death scarab bites you!
* * * LOW HITPOINT WARNING * * *
The death scarab drains your vigour!
You feel as though you will be slow longer.
The death scarab draws strength from your injuries!
You miss the death scarab. The death scarab closely misses you.
The death scarab bites you!!
You die...

∙∙∙∙∙▒∙∙∙▒∙∙$ZΩ=B∙∙▒∙∙▒∙∙∙▒∙
∙▒▒∙∙▒∙∙∙▒∙∙▒▒∙▒▒∙∙▒▒▒▒∙8∙∙∙
∙∙▒▒∙▒∙∙∙▒#▒∙∙▒∙∙▒∙▒Ω∙∙∙∙∙▒▒
∙∙∙▒∙▒▒▒∙▒∙▒∙∙▒∙∙▒∙▒▒▒▒∙8∙∙∙
Ω∙∙∙Ω▒Ω▒∙▒∙^▒▒▒▒▒^∙▒∙∙▒
∙∙∙▒∙▒∙▒∙▒∙▒∙Ω▒∙∙▒∙▒∙∙▒
∙∙▒▒∙▒∙▒∙▒∙▒∙^▒∙∙▒∙▒∙∙▒
∙▒▒∙∙▒∙▒∙▒∙∙▒▒B▒▒∙∙▒∙∙▒
∙∙∙∙∙▒∙▒∙▒∙∙∙∙∙∙dB∙▒∙∙▒
▒▒▒▒▒▒∙▒▒▒▒▒▒▒▒▒▒▒▒▒∙∙▒▒▒
8≈#≈≈▒∙∙∙∙∙∙∙∙Ω▒∙∙∙∙∙∙▒8▒
▒▒▒▒▒▒∙▒▒▒▒▒▒▒▒▒∙∙∙∙∙≈▒▒▒
▒∙▒▒▒▒∙▒∙∙∙∙∙∙∙∙∙∙▒▒▒▒▒
▒∙∙▒h▒∙▒∙∙∙∙∙∙∙∙∙∙▒8▒
▒▒∙∙▒▒∙▒∙∙▒▒▒▒▒▒▒▒▒▒▒
Ω▒▒▒∙▒∙▒∙∙▒8▒ ▒8▒
∙▒▒∙Ω▒Ω▒∙∙▒▒▒ ▒▒▒


You could see 2 death scarabs.

Vanquished Creatures
  A hydra (Lair:3)
  A two-headed ogre (D:9)
  Urug (Lair:1)
  Amaemon (Lair:3)
  A skyshark (Lair:2)
  4 lindwurms (Lair:2)
  A spectral hydra (Arena)
  3 black mambas
  9 elephants (Lair:3)
  An orange demon (Lair:3)
  A cane toad (Lair:3)
  Maggie (Lair:1)
  6 komodo dragons
  An unseen horror (D:7)
  A kobold demonologist (D:8)
  A hornet (D:8)
  14 blink frogs
  5 dream sheep
  2 wraiths
  4 wyverns
  21 yaks
  Grum (Lair:1)
  2 spectral komodo dragons (Gauntlet)
  3 chaos spawn (Gauntlet)
  A neqoxec (Gauntlet)
  2 nagas (Lair:2)
  7 swamp worms
  3 water moccasins
  2 black bears
  2 orc warriors
  An ice beast (D:6)
  9 wolves
  4 ogres
  3 centaurs (D:7)
  3 phantoms
  16 kobold brigands
  Blork the orc (D:4)
  12 bullfrogs
  5 scorpions
  5 wights (D:8)
  5 killer bees (D:9)
  An electric eel (Lair:3)
  2 howler monkeys
  3 hounds
  A gnoll bouda (D:9)
  6 orc priests
  2 sleepcaps (D:4)
  6 iguanas
  2 orc wizards
  Robin (D:3)
  12 gnolls
  21 adders
  3 shadow imps
  3 white imps
  3 worms
  A dart slug (D:3)
  28 orcs
  7 ball pythons
  4 endoplasms
  A giant cockroach (D:2)
  17 goblins
  13 hobgoblins
  22 kobolds
  6 quokkas
  A bat (D:1)
  3 frilled lizards
  5 rats
341 creatures vanquished.

Vanquished Creatures (others)
  A butterfly (D:4)
1 creature vanquished.

Grand Total: 342 creatures vanquished

Notes
Turn   | Place    | Note
-------+----------+-------------------------------------------
     0 | D:1      | Zeor the Draconian Hunter began the quest for the Orb.
     0 | D:1      | Reached XP level 1. HP: 17/17 MP: 1/1
     6 | D:1      | Noticed a snapping turtle
     6 | D:1      | Noticed an anaconda
     7 | D:1      | Noticed a lindwurm
     7 | D:1      | Noticed a black bear
   188 | D:1      | Reached skill level 4 in Ranged Weapons
   194 | D:1      | Reached XP level 2. HP: 24/24 MP: 2/2
   584 | D:2      | Reached XP level 3. HP: 29/29 MP: 3/3
  1043 | D:3      | Reached XP level 4. HP: 15/37 MP: 4/4
  1152 | D:3      | Found Urigg's Antique Armour Emporium.
  1348 | D:3      | Reached skill level 5 in Ranged Weapons
  1481 | D:3      | Reached XP level 5. HP: 45/45 MP: 5/5
  1503 | D:3      | Identified a scroll of acquirement
  1504 | D:3      | Acquired the ring "Puedwiyr" {rPois Str-3 Int+6 Dex+3
                  | Stlth+}
  1645 | D:3      | Noticed Robin
  1665 | D:3      | Killed Robin
  1973 | D:3      | Found a glowing silver altar of Zin.
  2094 | D:3      | Reached skill level 1 in Stealth
  2258 | D:4      | Reached XP level 6. HP: 51/51 MP: 6/6
  2429 | D:4      | Reached skill level 6 in Ranged Weapons
  2445 | D:4      | Noticed Blork the orc
  2450 | D:4      | Killed Blork the orc
  2525 | D:4      | Found a white marble altar of Elyvilon.
  2562 | D:4      | Your scales start taking on a rich purple colour.
  2562 | D:4      | Reached XP level 7. HP: 58/58 MP: 7/7
  2567 | D:4      | Found a staircase to the Ecumenical Temple.
  2591 | Temple   | Entered the Ecumenical Temple
  2859 | Temple   | Became a worshipper of Warmaster Okawaru
  2930 | D:4      | Found a hazy altar of Hepliaklqana.
  3102 | D:5      | Entered Level 5 of the Dungeon
  3110 | D:5      | Reached skill level 1 in Invocations
  3112 | D:5      | Reached skill level 1 in Spellcasting
  3132 | D:5      | Reached * piety under Okawaru
  3133 | D:5      | Reached skill level 7 in Ranged Weapons
  3204 | D:3      | Bought an embroidered scarf for 264 gold pieces
  3405 | D:5      | Found a radiant altar of Vehumet.
  3415 | D:5      | Reached XP level 8. HP: 66/67 MP: 9/11
  4121 | D:6      | Reached skill level 5 in Fighting
  4438 | D:6      | Reached ** piety under Okawaru
  4698 | D:6      | Reached skill level 8 in Ranged Weapons
  4842 | D:6      | Identified the staff of cold "Oraucw" {Fly rC+ Will+ Str+3}
  5104 | D:7      | Reached XP level 9. HP: 75/75 MP: 12/14
  5131 | D:7      | Found an opulent altar of Gozag.
  5164 | D:7      | Reached skill level 5 in Dodging
  5191 | D:7      | Killed an unseen horror
  5191 | D:7      | Reached *** piety under Okawaru
  5291 | D:7      | Acquired the +5 hand crossbow of Jopnoxzi {drain, Dex+4}
  5347 | D:7      | Found a burning altar of Makhleb.
  5430 | D:7      | Reached skill level 9 in Ranged Weapons
  5501 | D:7      | Found a shadowy altar of Dithmenos.
  5628 | D:8      | Reached skill level 5 in Invocations
  5672 | D:8      | Reached **** piety under Okawaru
  5673 | D:8      | Reached XP level 10. HP: 84/84 MP: 17/17
  5709 | D:8      | Found a staircase to the Lair.
  6027 | D:8      | Reached skill level 5 in Spellcasting
  6032 | D:8      | Reached skill level 10 in Ranged Weapons
  6055 | D:8      | Reached ***** piety under Okawaru
  6245 | D:8      | Found the +18 Lear's hauberk
  6435 | D:9      | Found a staircase to the Orcish Mines.
  6537 | D:9      | Noticed a two-headed ogre
  6540 | D:9      | Killed a two-headed ogre
  6936 | D:3      | Bought a pair of boots for 148 gold pieces
  7567 | Lair:1   | Entered Level 1 of the Lair of Beasts
  7567 | Lair:1   | Noticed Grum
  7573 | Lair:1   | Killed Grum
  7578 | Lair:1   | Identified the +1 pair of boots "Gomag" {Dex+5} (Okawaru
                  | gifted it to you on level 1 of the Lair of Beasts)
  7578 | Lair:1   | Received a gift from Okawaru
  7640 | Lair:1   | Reached skill level 11 in Ranged Weapons
  7645 | Lair:1   | Reached XP level 11. HP: 92/92 MP: 19/19
  7650 | Lair:1   | Noticed Maggie
  7661 | Lair:1   | Killed Maggie
  8064 | Lair:1   | Noticed Urug
  8074 | Lair:1   | Killed Urug
  8077 | Lair:1   | Identified the +9 short sword of the Threshing Pariah
                  | {protect, rElec Str+3 Int+2}
  8189 | Lair:1   | You fall into a shaft and drop 1 floor!
  8250 | Lair:2   | Noticed a skyshark
  8262 | Lair:2   | Killed a skyshark
  8519 | Lair:2   | Received a gift from Okawaru
  8561 | Lair:2   | Reached skill level 12 in Ranged Weapons
  8586 | Lair:2   | Found a staircase to the Snake Pit.
  8684 | Lair:2   | Noticed a lindwurm
  8684 | Lair:2   | Noticed a lindwurm
  8685 | Lair:2   | Noticed a lindwurm
  8686 | Lair:2   | Killed a lindwurm
  8692 | Lair:2   | Noticed a lindwurm
  8694 | Lair:2   | Killed a lindwurm
  8707 | Lair:2   | Killed a lindwurm
  8715 | Lair:2   | Killed a lindwurm
  8875 | Lair:2   | Identified the +6 battleaxe of Zoishro {freeze, *Noise Fly
                  | rF+ Dex+8}
  8904 | Lair:2   | Learned a level 3 spell: Frozen Ramparts
  9025 | Lair:2   | Reached XP level 12. HP: 102/102 MP: 19/23
  9158 | Lair:2   | Learned a level 3 spell: Mephitic Cloud
  9161 | Lair:2   | Learned a level 2 spell: Poisonous Vapours
  9771 | Lair:3   | Identified the +2 cloak of Impressiveness {*Corrode rElec
                  | Regen+ SInv} (Okawaru gifted it to you on level 3 of the
                  | Lair of Beasts)
  9771 | Lair:3   | Received a gift from Okawaru
  9778 | Lair:3   | Reached skill level 1 in Ice Magic
  9925 | Lair:3   | Found a runed translucent gate.
  9925 | Lair:3   | Found a runed translucent gate.
  9925 | Lair:3   | Found a runed translucent gate.
  9926 | Lair:3   | Noticed Kanwenku's ghost (journeyman MiFi)
  9966 | Lair:3   | Found a staircase to the Swamp.
 10210 | Lair:3   | Reached skill level 13 in Ranged Weapons
 10280 | Lair:3   | Noticed Amaemon
 10306 | Lair:3   | Killed Amaemon
 10343 | Lair:3   | Noticed a four-headed hydra
 10353 | Lair:3   | Killed a four-headed hydra
 10704 | Lair:3   | Found a viscous altar of Jiyva.
 11015 | Lair:4   | Found a gate leading to a gauntlet.
 11076 | Gauntlet | Entered a Gauntlet
 11076 | Gauntlet | Found a transporter.
 11076 | Gauntlet | Found a transporter.
 11080 | Gauntlet | Found a transporter.
 11080 | Gauntlet | Found a transporter.
 11100 | Gauntlet | Found a transporter.
 11101 | Gauntlet | Noticed a death yak
 11101 | Gauntlet | Noticed a death yak
 11104 | Gauntlet | Noticed a death scarab
 11105 | Gauntlet | Noticed a death yak
 11110 | Gauntlet | Found a transporter.
 11143 | Gauntlet | Found a transporter.
 11183 | Gauntlet | Found a transporter.
 11197 | Gauntlet | Found a transporter.
 11210 | Gauntlet | Found a transporter.
 11216 | Gauntlet | Noticed a death scarab
 11228 | Gauntlet | Found a transporter.
 11303 | Gauntlet | Found a transporter.
 11314 | Gauntlet | Found a transporter.
 11330 | Gauntlet | Found a transporter.
 11343 | Gauntlet | Found a transporter.
 11360 | Gauntlet | Found a transporter.
 11528 | Gauntlet | Reached XP level 13. HP: 86/108 MP: 16/25
 11660 | Gauntlet | HP: 5/103 [spectral five-headed hydra (3)]
 11663 | Arena    | Entered the Arena
 11700 | Gauntlet | Slain by a death scarab

Illustrated notes

Levels and vault maps discovered:
D:1:      onia_arrival_zoo_common, layout_rooms
D:2:      layout_rooms, grunt_decor_one_mirror
D:3:      layout_rooms, zin_academy, serial_shops, nicolae_shop_hallway_plus,
          minmay_snake_closets, uniq_robin
D:4:      layout_rooms, nicolae_elyvilon_peaceful_grove,
          nzn_hepliaklqana_mist_gate, minmay_temple_entry_slanted, serial_glass,
          glass_columns_a, glass_columns_a, glass_columns_b, glass_columns_c,
          glass_columns_a, glass_columns_a, glass_columns_a, glass_columns_b,
          minmay_misc_feat_columns, uniq_blork_the_orc
D:5:      layout_loops_ring, mainiacjoe_overflow_chevrons, lemuel_flamethrower_2
D:6:      layout_loops_corners
D:7:      layout_cave_pools, makhleb_heckhound_becter,
          nicolae_gozag_cash_rules_everything_around_me, amcnicky_altar_gilded,
          minmay_misc_feat_tiny
D:8:      layout_loops_cross, lair_entry_dummy, special_room
          [special_room_kobold]
D:9:      layout_long_grid, orc_0_dummy, blue_anna_alchemist
Temple:   dpeg_chambers_temple
Lair:1:   layout_long_grid, grunt_forest_large_clearings, serial_bayou_shore_b,
          grunt_megastairs_5, uniq_maggie, uniq_urug, uniq_grum
Lair:2:   layout_layer_cave, guppyfry_snake_entry_garden, minmay_lindwurm_lava
Lair:3:   layout_hall_layers, nicolae_swamp_entry_splash_gauntlet,
          gammafunk_ghost_ooze, st_stairs_5, uniq_amaemon
Lair:4:   layout_gridlike, dpeg_slime_entry_corner, gauntlet_entry_generic,
          grunt_megastairs_1, lemuel_fruit_tree, infiniplex_staircase_pool_2
Gauntlet: gammafunk_gauntlet_branching [gammafunk_gauntlet_arena_arrow_garden,
          nicolae_gauntlet_arena_blocks, nicolae_gauntlet_arena_x,
          gammafunk_gauntlet_arena_chambers,
          gammafunk_gauntlet_arena_split_diamond,
          gammafunk_gauntlet_arena_mazey, gammafunk_gauntlet_arena_spirals,
          nicolae_gauntlet_arena_quarters,
          nicolae_gauntlet_exit_dead_adventurers]

Skill      XL: |  1  2  3  4  5  6  7  8  9 10 11 12 |
---------------+-------------------------------------+-----
Ranged Weapons | 4 5 6 7 8 9 11 12 13 | 13.5
Dodging        | 2 3 4 5 6 7 8 |  8.6
Fighting       | 3 4 5 6 7 8 9 |  9.3
Stealth        | 1 2 3 |  3.3
Invocations    | 1 3 5 6 7 9 |  9.0
Spellcasting   | 2 3 4 5 7 8 |  8.9
Ice Magic      | 2 |  2.1

Action                     |  1- 3 |  4- 6 |  7- 9 | 10-12 | 13-15 || total
---------------------------+-------+-------+-------+-------+-------++-------
  Melee: Falchion          |       |       |       |       |     6 ||     6
   Fire: Shortbow          |    98 |   193 |   166 |       |       ||   457
         Hand crossbow     |       |       |    42 |   231 |       ||   273
         Longbow           |       |       |       |   279 |    26 ||   305
   Cast: Frozen Ramparts   |       |       |       |    13 |     5 ||    18
         Poisonous Vapours |       |       |       |     1 |       ||     1
 Invoke: Heroism           |       |       |       |     2 |     1 ||     3
         Finesse           |       |       |       |     1 |     1 ||     2
         Duel              |       |       |       |       |     1 ||     1
Ability: Breathe Dispellin |       |       |     6 |     6 |       ||    12
    Use: Potion            |       |     3 |       |     1 |     6 ||    10
         Scroll            |       |    13 |     5 |     8 |     1 ||    27
 Armour: Skin              |     6 |    36 |    20 |    67 |    27 ||   156
  Dodge: Dodged            |    13 |    65 |    77 |   322 |   126 ||   603
